 Dungeon Crawl Stone Soup version 0.28-a0-1613-gdaab1c2f9b (console) character file.

Game seed: 7244078385269390859

4274 Banquo the Thaumaturge (level 10, -2/72 HPs)
             Began as a Djinni Cinder Acolyte on Jan 21, 2022.
             Was an Initiate of Ashenzari.
             Slain by a fire elemental (12 damage)
             ... created by the fiery vengeance of Ignis
             ... on level 7 of the Dungeon.
             The game lasted 00:36:20 (12652 turns).

Banquo the Thaumaturge (Djinni Cinder Acolyte)     Turns: 12652, Time: 00:36:21

Health: -2/72      AC:  4    Str: 13    XL:     10   Next: 57%
Gold:   373        EV: 12    Int: 19    God:    Ashenzari [......] SH:  0 Dex: 10

rFire   . . .      SeeInvis .   i - +1 dagger (venom)
rCold   + . .      Faith    .   (no shield)
rNeg    . . .      Spirit   .   b - +1 robe
rPois   ∞          Reflect  .   h - +0 helmet of Harosmif {Fly rPois rC++}
rElec   .          Harm     .   e - scarf {repulsion}
rCorr   .          Rampage  .   (no gloves)
Will    +....                   (boots unavailable)
Stlth   +.........              (no amulet)
HPRegen 0.22/turn               (no ring)
MPRegen 0.00/turn               (no ring)

@: flying, repel missiles, fire susceptible
A: sickness immunity, fire resistance 2, cold vulnerability 1, float, innate
caster, hp casting, extra vitality 1
a: Renounce Religion


You were on level 7 of the Dungeon.
You worshipped Ashenzari.
Ashenzari was noncommittal.
You visited 2 branches of the dungeon, and saw 9 of its levels.
You also visited: Sewer.

You collected 373 gold pieces.

Inventory:

Hand Weapons
 a - a -1 short sword of flaming
 c - a +0 dagger of venom
 i - a +1 dagger of venom (weapon)
 n - a +0 rapier
 o - a +0 spear
 r - a +0 trident
 z - a +0 war axe
 E - a +2 whip of flaming
 J - a +1 scimitar of holy wrath
Missiles
 j - 169 stones
 l - 3 throwing nets
 p - 3 boomerangs
 v - 6 javelins
 w - 5 poisoned darts
Armour
 b - a +1 robe (worn)
 e - a scarf of repulsion (worn)
 h - the +0 helmet of Harosmif (worn) {Fly rPois rC++}
   (You acquired it on level 5 of the Dungeon)

   rC:        It greatly protects you from cold.
   rPois:     It protects you from poison.
   Fly:       It grants you flight.
 y - a +1 cloak of poison resistance
Jewellery
 x - a ring of fire
Wands
 t - a wand of acid (6)
 B - a wand of polymorph (12)
Scrolls
 d - 3 scrolls of teleportation
 f - a scroll of blinking {unknown}
 s - a scroll of noise
 C - 5 scrolls of fear {unknown}
 D - a scroll of torment {unknown}
 F - 2 scrolls of fog {unknown}
 G - 2 scrolls of enchant weapon {unknown}
Potions
 g - 4 potions of brilliance
 k - 2 potions of lignification {unknown}
 m - a potion of haste
 q - 4 potions of curing {unknown}
 u - a potion of cancellation
 A - 4 potions of might {unknown}
 H - 2 potions of mutation {unknown}


   Skills:
 * Level 5.6 Fighting
 - Level 2.6 Short Blades
 * Level 3.8 Dodging
 + Level 10.6 Spellcasting


You had 19 spell levels left.
You knew the following spells:

 Your Spells              Type           Power      Damage    Failure   Level
a - Scorch                Fire           100%       2d10      1%          2
b - Beastly Appendage     Tmut           100%       N/A       1%          1
g - Gell's Gravitas       Tloc           50%        N/A       1%          3
z - Stone Arrow           Conj/Erth      100%       3d13      1%          3
B - Blink                 Tloc           100%       N/A       1%          2
Your spell library was empty.

Dungeon Overview and Level Annotations

Branches:
Dungeon (8/15)             Temple (1/1) D:4           Sewer (visited)
   Lair: D:8-11

Altars:
Ashenzari
Dithmenos
Fedhas
Gozag
Hepliaklqana
Nemelex Xobeh
Okawaru
Qazlal
Ru
Trog
Uskayaw
Vehumet
Wu Jian
Xom
Zin

Annotations:
D:5 1 runed translucent door, Stonecrops's ghost, novice OpCj


Innate Abilities, Weirdness & Mutations

You are immune to sickness and miasma.
You are immune to poison.
Your flesh is very heat resistant. (rF++)
You are vulnerable to cold. (rC-)
You float through the air rather than walking.
You learn spells naturally, not from books.
Your magical power is your life essence.
You have superior vitality. (+4 MHP)


Message History

Confirm with . or Enter, or press ? or * to list all spells.
Aiming: Stone Arrow (safe; 1% risk of failure)
Press: ? - help, Shift-Dir - straight line, f/p - fire elemental
Aim: a fire elemental (severely damaged, durably summoned, 72% to hit)
The stone arrow hits the fire elemental!!
You destroy the fire elemental!
That felt strangely unrewarding.
Unknown command.
There is a stone staircase leading down here.
Things that are here:
a +0 spear; a gnoll corpse You see here a +0 whip.
Things that are here:
a scroll of immolation; a +0 leather armour; a +0 whip You see here a +0 club.
The fire elemental misses you.
Casting: Stone Arrow (safe; 1% risk of failure)
Confirm with . or Enter, or press ? or * to list all spells.
Aiming: Stone Arrow (safe; 1% risk of failure)
Press: ? - help, Shift-Dir - straight line, f - fire elemental
Aim: a fire elemental (flame, durably summoned, 72% to hit)
The stone arrow misses the fire elemental.
Casting: Stone Arrow (safe; 1% risk of failure)
Confirm with . or Enter, or press ? or * to list all spells.
Aiming: Stone Arrow (safe; 1% risk of failure)
Press: ? - help, Shift-Dir - straight line, f/p - fire elemental
Aim: a fire elemental (flame, durably summoned, 72% to hit)
The stone arrow hits the fire elemental!
The fire elemental is heavily damaged.
The fire elemental hits you. The fire elemental burns you!
* * * LOW HITPOINT WARNING * * *
Casting: Stone Arrow (safe; 1% risk of failure)
Confirm with . or Enter, or press ? or * to list all spells.
Aiming: Stone Arrow (safe; 1% risk of failure)
Press: ? - help, Shift-Dir - straight line, f/p - fire elemental
Aim: a fire elemental (heavily damaged, durably summoned, 72% to hit)
The stone arrow misses the fire elemental.
* * * LOW HITPOINT WARNING * * *
The fire elemental hits you. The fire elemental burns you!
You die...

##................. ##.# #
.#..##>.........# ..##..## #.
.................# #......##..
.................## #..........
#####......).)....####.........
#......).)?......#.........
#...##....)###.............
#.....#....# #............
#.....##..@## #............
#..........E###............
##.....#...................
##....#...##°............. ####
##.###..........#...
#..#.#....:.....#...
##.............######
#.........##......#..
#....#...........<...


You could see a fire elemental.

Vanquished Creatures
  A two-headed ogre (D:7)
  Pikel (D:6)
  Maggie (D:7)
  3 fire elementals
  2 orc warriors
  2 ice beasts
  3 black bears
  Duvessa (D:6)
  A sky beast (D:6)
  5 ogres
  2 centaurs
  A lemure (D:6)
  3 bullfrogs
  2 water moccasin zombies
  A scorpion (D:4)
  Dowan (D:6)
  A wight (D:8)
  A howler monkey (D:7)
  A centaur zombie (D:3)
  2 jellies (D:7)
  3 orc priests
  3 gnoll shamans
  2 hounds
  A bullfrog skeleton (D:6)
  2 centaur skeletons
  3 orc wizards
  Natasha (thrice) (D:4)
  3 iguanas
  2 hound skeletons (D:4)
  A howler monkey skeleton (D:5)
  6 adders
  16 gnolls
  5 river rats (Sewer)
  A shadow imp (D:7)
  A white imp (D:7)
  An ufetubus (D:6)
  A worm (D:4)
  2 dart slugs
  26 orcs
  20 ball pythons
  2 bats (D:2)
  10 endoplasms
  5 giant cockroaches
  7 goblins
  4 hobgoblins
  4 jackals (D:4)
  2 quokkas
  3 frilled lizards
  A kobold (D:1)
  30 rats
205 creatures vanquished.

Vanquished Creatures (others)
  64 foxfires (D:6)
64 creatures vanquished.

Grand Total: 269 creatures vanquished

Notes
Turn   | Place    | Note
-------+----------+-------------------------------------------
     0 | D:1      | Banquo the Djinni Cinder Acolyte began the quest for the
                  | Orb.
     0 | D:1      | Reached XP level 1. HP: 20/20 MP: 0/0
   132 | D:1      | Reached XP level 2. HP: 24/25 MP: 0/0
  1258 | D:2      | Reached XP level 3. HP: 23/30 MP: 0/0
  1258 | D:2      | Learned a level 1 spell: Beastly Appendage
  1468 | D:2      | Reached skill level 3 in Spellcasting
  1677 | D:2      | Found a faded altar of an unknown god.
  2143 | D:3      | Noticed a black bear
  2148 | D:3      | Killed a black bear
  2149 | D:3      | Reached XP level 4. HP: 25/37 MP: 0/0
  2149 | D:3      | Reached XP level 5. HP: 28/41 MP: 0/0
  2149 | D:3      | Learned a level 2 spell: Blink
  2439 | D:3      | Found a broken altar of Ashenzari.
  2457 | D:3      | Reached skill level 4 in Spellcasting
  2708 | D:3      | Reached XP level 6. HP: 37/47 MP: 0/0
  3443 | D:4      | Noticed Natasha
  3446 | D:4      | Killed Natasha
  3594 | D:4      | Noticed an ogre
  3598 | D:4      | Killed an ogre
  3599 | D:4      | Reached skill level 5 in Spellcasting
  3809 | D:4      | Reached XP level 7. HP: 33/52 MP: 0/0
  3809 | D:4      | Learned a level 3 spell: Gell's Gravitas
  4506 | D:4      | Noticed Natasha
  4516 | D:4      | Killed Natasha
  4596 | D:4      | Found a staircase to the Ecumenical Temple.
  4603 | Temple   | Entered the Ecumenical Temple
  4875 | D:4      | Found a sacrificial altar of Ru.
  5051 | D:4      | Noticed Natasha
  5056 | D:4      | Killed Natasha
  5057 | D:4      | Reached skill level 6 in Spellcasting
  5102 | D:5      | Entered Level 5 of the Dungeon
  5105 | D:5      | Identified a scroll of acquirement
  5105 | D:5      | Acquired the +0 helmet of Harosmif {Fly rPois rC++}
  5217 | D:5      | Found an iron altar of Okawaru.
  5447 | D:5      | Reached XP level 8. HP: 38/58 MP: 0/0
  6219 | D:5      | Found a shimmering altar of Xom.
  6246 | D:5      | Reached skill level 7 in Spellcasting
  6313 | D:5      | Found a hazy altar of Hepliaklqana.
  6541 | D:5      | Found a runed translucent door.
  6541 | D:5      | Noticed Stonecrops's ghost (novice OpCj)
  6832 | D:6      | Noticed Duvessa
  6832 | D:6      | Noticed Dowan
  6943 | D:6      | Noticed Pikel
  6949 | D:6      | Killed Pikel
  6950 | D:6      | Reached skill level 8 in Spellcasting
  6950 | D:6      | Reached XP level 9. HP: 8/62 MP: 0/0
  6950 | D:6      | Learned a level 3 spell: Stone Arrow
  7137 | D:6      | Reached skill level 9 in Spellcasting
  7474 | D:6      | Found a glowing drain.
  7537 | Sewer    | Entered a sewer
  7950 | Sewer    | Reached skill level 1 in Dodging
  9224 | D:6      | Killed Duvessa
  9225 | D:6      | Reached XP level 10. HP: 66/69 MP: 0/0
  9227 | D:6      | Killed Dowan
  9397 | D:6      | Found a sparkling altar of Nemelex Xobeh.
 10015 | D:3      | Fell from the grace of Ignis
 10015 | D:3      | Became a worshipper of Ashenzari the Shackled
 11859 | D:7      | Reached skill level 5 in Fighting
 11910 | D:7      | Noticed Maggie
 11923 | D:7      | Killed Maggie
 11924 | D:7      | Reached skill level 10 in Spellcasting
 12068 | D:7      | Noticed a two-headed ogre
 12073 | D:7      | Killed a two-headed ogre
 12652 | D:7      | Slain by a fire elemental

Illustrated notes

Levels and vault maps discovered:
D:1:      dpeg_arrival_shrine, layout_loops_ring, minmay_misc_feat_x
D:2:      layout_basic, hellmonk_ecumenical_altar_heavens_door
D:3:      layout_loops_ring, lemuel_round_altar, minivault_24,
          serial_park_tiny_1
D:4:      layout_loops_ring, kennysheep_little_box,
          minmay_temple_entry_mini_moons, uniq_natasha
D:5:      layout_gridville, overflow_temple_1_default,
          okawaru_ov_weapons_minmay, old_standard_altar, gammafunk_ghost_grave
D:6:      layout_layer_cave, lemuel_tele_altar, gup_sewer_entry_bowl,
          abandoned_shop, uniq_pikel, uniq_duvessa
D:7:      layout_cave_pools, enter_bailey_4, nrook_mini_backslash, uniq_harold,
          uniq_crazy_yiuf_cottage, uniq_maggie
D:8:      layout_cave_pods, mainiacjoe_overflow_catwalk,
          yredelemnul_altar_generic, serial_column_ruins, column_ruins_hut,
          column_ruins_columns_straight, column_ruins_corridor_straight,
          column_ruins_grid_1, column_ruins_columns_straight,
          column_ruins_grid_1, column_ruins_corridor_straight,
          column_ruins_open_tiny
Temple:   kb_temple_of_zot

Skill      XL: |  1  2  3  4  5  6  7  8  9 10 |
---------------+-------------------------------+-----
Spellcasting   | 3 4 5 6 8 9 10 | 10.6
Fighting       | 4 5 |  5.6
Dodging        | 2 3 |  3.8
Short Blades   | |  2.6

Action                   |  1- 3 |  4- 6 |  7- 9 | 10-12 || total
-------------------------+-------+-------+-------+-------++-------
Melee: Dagger            |    26 |       |       |       ||    26
       Short sword       |     2 |       |       |       ||     2
 Cast: Scorch            |    25 |    43 |   177 |    11 ||   256
       Stone Arrow       |       |       |    30 |    42 ||    72
Invok: Foxfire Swarm     |       |       |     2 |     1 ||     3
       Rising Flame      |       |       |     1 |       ||     1
  Use: Scroll            |       |       |    10 |     1 ||    11
Armor: Robe              |     7 |     1 |     9 |     7 ||    24
Dodge: Dodged            |    13 |     6 |    33 |    11 ||    63

Table legend: (Time is in decaauts)
 A = Elapsed time spent in this place.
 B = Non-inter-level travel time spent in this place.
 C = Inter-level travel time spent in this place.
 D = Time resting spent in this place.
 E = Time spent auto-exploring this place.
 F = Levels seen in this place.
 G = Mean time per level.
                   A        B        C        D        E       F      G
               +--------+--------+--------+--------+--------+-----+--------+
         Total |  12675 |  11950 |    725 |   4835 |   5040 |  10 | 1267.5 |
       Dungeon |  11615 |  10898 |    717 |   4252 |   4921 |   8 | 1451.9 |
        Temple |     97 |     89 |      8 |      0 |     83 |   1 |   97.0 |
         Sewer |    962 |    962 |      0 |    583 |     36 |   1 |  962.0 |
               +--------+--------+--------+--------+--------+-----+--------+

Top non-repeatable levels by time:
     D:3: 3015 daAuts
     D:6: 2316 daAuts
     D:4: 1805 daAuts
     D:5: 1603 daAuts
     D:2: 1177 daAuts
     D:1: 1058 daAuts
   Sewer: 962 daAuts
     D:7: 552 daAuts
  Temple: 97 daAuts
     D:8: 85 daAuts
